 Dungeon Crawl Stone Soup version 0.28.0-47-ge53b351184 (webtiles) character file.

Game seed: 13182700477538855356

192 Kenran the Ruffian (level 5, -6/53 HPs)
             Began as a Troll Monk on Apr 30, 2022.
             Mangled by an ogre
             ... wielding a +0 giant club
              (19 damage)
             ... on level 6 of the Dungeon.
             The game lasted 00:10:09 (2124 turns).

Kenran the Ruffian (Troll Monk)                     Turns: 2124, Time: 00:10:09

Health: -6/53      AC:  8    Str: 18 (21) XL:     5   Next: 42%
Magic:  4/4        EV: 10    Int:  3 (6)  God:
Gold:   65         SH:  0    Dex: 11 (12) Spells: 4/4 levels left

rFire   . . .      SeeInvis .     - Unarmed
rCold   . . .      Faith    .   (no shield)
rNeg    . . .      Spirit   .   a - +1 animal skin
rPois   .          Reflect  .   (helmet restricted)
rElec   .          Harm     .   e - +2 cloak
rCorr   .          Rampage  .   (gloves unavailable)
Will    .....                   (boots unavailable)
Stlth   +.........              (no amulet)
HPRegen 0.97/turn               (no ring)
MPRegen 0.09/turn               (no ring)

@: attractive
A: large, unfitting armour, claws 3, regeneration 1, shaggy fur 1, tough skin 1
a: no special abilities


You were on level 6 of the Dungeon.
You visited 1 branch of the dungeon, and saw 5 of its levels.

You collected 65 gold pieces.

Inventory:

Missiles
 d - 108 stones (quivered)
Armour
 a - a +1 animal skin (worn)
 e - a +2 cloak (worn)
Jewellery
 m - a +6 ring of strength
Scrolls
 b - 2 scrolls of brand weapon {unknown}
 f - 2 scrolls of teleportation {unknown}
 g - a scroll of fog {unknown}
 h - a scroll of enchant armour {unknown}
 j - a scroll of noise {unknown}
 n - a scroll of identify {unknown}
Potions
 c - a potion of degeneration {!q}
 k - a potion of heal wounds {@q2}
 l - a potion of curing {unknown}


   Skills:
 - Level 3.0 Fighting
 - Level 2.4 Dodging
 - Level 1.0 Stealth
 + Level 5.8 Unarmed Combat


You had 4 spell levels left.
You didn't know any spells.
Your spell library contained the following spells:

 Spells                   Type           Power      Damage    Failure   Level
 Pain                     Necr           0%         1d4       52%         1
 Agony                    Necr           0%         N/A       100%        5
 Excruciating Wounds      Necr           0%         N/A       100%        5


Dungeon Overview and Level Annotations

Branches:
Dungeon (4/15)
 Temple: D:4-7

Altars:

Annotations:
D:4 1 transporter, maxonian's ghost, novice TeVM


Innate Abilities, Weirdness & Mutations

You are too large for most types of armour.
You have claws for hands.
Your natural rate of healing is unusually fast.
You are covered in fur. (AC +1)
You have tough skin. (AC +1)


Message History

It was a potion of degeneration.
There was something very wrong with that liquid.
You feel weakened.
You feel dopey.
You feel clumsy.
It was a potion of heal wounds.
You feel much better.
It was a potion of attraction.
You feel attractive to monsters. The ogre hits you but does no damage.
A kobold comes into view. It is wielding a +0 dagger of venom.
The kobold barely misses you. The kobold is attracted toward you.
Okay, then.
Okay, then.
You barely miss the ogre.
Unknown command.
You barely miss the ogre. Your claw misses the ogre.
The kobold closely misses you. The ogre hits you with a +0 giant club.
A kobold comes into view. It is wielding a +0 whip.
The kobold is attracted toward you.
Unknown command.
Unknown command.
You barely miss the ogre. The kobold hits you but does no damage.
The ogre hits you with a +0 giant club!!
Unknown command.
Unknown command.
You scratch the ogre.
The ogre is lightly wounded.
The kobold barely misses you.
Unknown command.
Unknown command.
You mangle the ogre!!
The ogre is severely wounded.
The ogre hits you with a +0 giant club!
* * * LOW HITPOINT WARNING * * *
The kobold barely misses you.
Unknown command.
Unknown command.
You barely miss the ogre.
The ogre is severely wounded.
The kobold barely misses you.
The ogre hits you with a +0 giant club!!
You die...

### ..#
#.#####
.....K.
#K##.K#
#K##..#
#O##K.#
#@##..#
#K##K.########
#O##..O.O....#
#K##.#######.#
#KK...# #.#
####..# #.#
#..# #O#
#..######.#
#....O....#


You could see a kobold brigand, 2 ogres and 5 kobolds.

Vanquished Creatures
  A jelly (D:3)
  Terence (D:2)
  Robin (D:3)
  2 adders (D:1)
  A white imp (D:3)
  A worm (D:2)
  A dart slug (D:3)
  2 orcs (D:3)
  8 endoplasms
  2 giant cockroaches (D:1)
  9 hobgoblins
  5 jackals (D:2)
  10 kobolds
  7 quokkas
  11 ball pythons
  8 bats
  3 frilled lizards
  13 goblins
  5 rats
91 creatures vanquished.

Notes
Turn   | Place    | Note
-------+----------+-------------------------------------------
     0 | D:1      | Kenran the Troll Monk began the quest for the Orb.
     0 | D:1      | Reached XP level 1. HP: 22/22 MP: 0/0
    66 | D:1      | Reached XP level 2. HP: 22/29 MP: 1/1
   285 | D:1      | Reached XP level 3. HP: 37/37 MP: 2/2
   748 | D:2      | Reached skill level 4 in Unarmed Combat
   852 | D:2      | Reached XP level 4. HP: 42/45 MP: 3/3
   858 | D:2      | Noticed Terence
   874 | D:2      | Killed Terence
  1265 | D:3      | Noticed Robin
  1276 | D:2      | Reached skill level 5 in Unarmed Combat
  1373 | D:3      | Killed Robin
  1604 | D:3      | Found the +7 staff of the Meek {protect, meekguard}
  1622 | D:3      | Reached XP level 5. HP: 48/53 MP: 4/4
  2041 | D:4      | Noticed a phantom
  2042 | D:4      | Noticed an orc warrior
  2082 | D:4      | Noticed maxonian's ghost (novice TeVM)
  2083 | D:4      | Found a transporter.
  2083 | D:4      | Noticed an ogre
  2086 | D:4      | You fall into a shaft and drop 2 floors!
  2092 | D:6      | Noticed an ogre
  2114 | D:6      | Noticed an ogre
  2124 | D:6      | Mangled by an ogre

Illustrated notes

Levels and vault maps discovered:
D:1:      eino_arrival_tree_alley, layout_basic,
          hangedman_abyss_or_decor_lesser_grid, minmay_hexomino_f4
D:2:      layout_basic, uniq_terence
D:3:      layout_rooms, chequers_serial_rivers_room_b, grunt_decor_fettered,
          minmay_door_square, serial_bayou_pond_b,
          chequers_serial_rivers_small_b, roderic_roman_lattice, uniq_robin
D:4:      layout_rooms, gammafunk_ghost_smash, chequers_serial_rivers_room_a,
          minivault_4, uniq_edmund, uniq_sigmund
D:6:      layout_basic

Skill      XL: |  1  2  3  4 |
---------------+-------------+-----
Fighting       | 3 |  3.0
Unarmed Combat | 4 5 |  5.8
Dodging        | |  2.4
Stealth        | |  1.0

Action                   |  1- 3 |  4- 6 || total
-------------------------+-------+-------++-------
Melee: Unarmed           |   110 |   121 ||   231
       Punch             |     2 |     1 ||     3
Throw: Stone             |     3 |       ||     3
  Use: Potion            |       |     3 ||     3
 Stab: Sleeping          |     5 |     3 ||     8
Armor: Robe              |    32 |    39 ||    71
       Animal skin       |       |    16 ||    16
Dodge: Dodged            |    57 |    61 ||   118
